 Dungeon Crawl Stone Soup version 0.28.0-53-g5a82cb258f (webtiles) character file.

Game seed: 306960119104295716

850 cbfl8 the Chopper (level 7, -1/62 HPs)
             Began as a Minotaur Berserker on July 27, 2022.
             Was a Priest of Trog.
             Shot with an arrow by a centaur (6 damage)
             ... on level 5 of the Dungeon.
             The game lasted 00:03:53 (3938 turns).

cbfl8 the Chopper (Minotaur Berserker)              Turns: 3938, Time: 00:03:54

Health: -1/62      AC:  3    Str: 22    XL:     7   Next: 69%
Magic:  6/6        EV: 13    Int:  4    God:    Trog [***...]
Gold:   107        SH:  0    Dex:  9    Spells: 6/6 levels left

rFire   + . .      SeeInvis +   q - +4 hand axe of Plog {spect, rF+ rN+ Dex-2 SInv}
rCold   . . .      Faith    .   (no shield)
rNeg    + . .      Spirit   .   o - +0 leather armour
rPois   .          Reflect  .   (helmet restricted)
rElec   .          Harm     .   (no cloak)
rCorr   .          Rampage  .   (no gloves)
Will    .....                   (no boots)
Stlth   ++........              (no amulet)
HPRegen 0.20/turn               (no ring)
MPRegen 0.10/turn               (no ring)

@: hasted, very quick
A: horns 2, retaliatory headbutt
a: Renounce Religion, Berserk, Trog's Hand


You were on level 5 of the Dungeon.
You worshipped Trog.
Trog was most pleased with you.
You visited 1 branch of the dungeon, and saw 5 of its levels.

You collected 107 gold pieces.

Inventory:

Hand Weapons
 a - a +0 hand axe
 q - the +4 hand axe of Plog (weapon) {spect, rF+ rN+ Dex-2 SInv}
   (You found it on level 4 of the Dungeon)

   When its wielder attacks, the weapon's spirit leaps out and strikes again.
   The spirit shares a part of any damage it takes with its wielder.
   Dex:       It affects your dexterity (-2).
   rF:        It protects you from fire.
   rN:        It protects you from negative energy.
   SInv:      It lets you see invisible.
Armour
 b - a +0 animal skin
 o - a +0 leather armour (worn)
Scrolls
 c - a scroll of enchant armour {unknown}
 d - 3 scrolls of teleportation {unknown}
 h - 7 scrolls of identify {unknown}
 i - a scroll of vulnerability {unknown}
 j - a scroll of immolation {unknown}
 k - a scroll of amnesia {unknown}
 l - 2 scrolls of enchant weapon {unknown}
Potions
 e - 2 potions of curing {unknown}
 f - 2 potions of magic
 g - 2 potions of lignification {unknown}
 m - a potion of attraction {unknown}
 n - 3 potions of might {unknown}
 p - 2 potions of haste
 r - a potion of degeneration {unknown}
 s - a potion of brilliance {unknown}


   Skills:
 * Level 5.7 Fighting
 + Level 6.9 Axes
 + Level 3.4 Armour
 * Level 5.5 Dodging
 * Level 2.7 Stealth


You had 6 spell levels left.
You didn't know any spells.
Your spell library was empty.

Dungeon Overview and Level Annotations

Branches:
Dungeon (5/15)
 Temple: D:4-7

Altars:
Cheibriados
Kikubaaqudgha
Ru
Xom

Shops:
D:4 *


Innate Abilities, Weirdness & Mutations

You have a pair of horns on your head.
You reflexively headbutt those who attack you in melee.


Message History

The centaur shoots an arrow.
The arrow misses your +4 hand axe of Plog {spect, rF+ rN+ Dex-2 SInv}.
The arrow misses you.
The centaur shoots an arrow.
The arrow hits your +4 hand axe of Plog {spect, rF+ rN+ Dex-2 SInv}.
Your spectral weapon shares its damage with you!
The centaur wields a +0 shortbow.
The centaur shoots an arrow.
The arrow hits you!
You swap places.
An orc comes into view. It is wielding a +0 club.
The orc shouts!
The centaur unwields a +0 shortbow.
The centaur hits you.
The centaur kicks you but does no damage.
The orc hits you with a +0 club.
The centaur unwields a +0 shortbow.
The centaur hits you.
The centaur kicks you but does no damage.
You see here a +0 mace.
You are too injured to fight recklessly!
Unknown command.
You are too injured to fight recklessly!
The centaur wields a +0 shortbow.
The centaur shoots an arrow.
The arrow hits you!
The centaur wields a +0 shortbow.
The centaur shoots an arrow.
The arrow hits you!
* * * LOW HITPOINT WARNING * * *
The orc hits you with a +0 club.
* * * LOW HITPOINT WARNING * * *
The centaur shoots an arrow.
The arrow hits you.
* * * LOW HITPOINT WARNING * * *
A gnoll comes into view. It is wielding a +0 halberd.
There is a stone staircase leading up, spattered with blood here.
Okay, then.
It was a potion of magic.
Magic courses through your body.
The centaur shoots an arrow.
The arrow misses you. The orc misses you. You furiously retaliate!
You headbutt the orc.
The centaur unwields a +0 shortbow.
The centaur hits you.
* * * LOW HITPOINT WARNING * * *
The centaur kicks you but does no damage.
It was a potion of haste.
You feel yourself speed up.
The centaur shoots an arrow.
The arrow hits you.
You die...

#..[..# .#
#....###.+
##.......#####
#.......(...##
##..o.........
##.......)...
#.....c..###
##.....o†)#
##......c@.#
###.....#.og.#
##.....####...#
##.....## #...#
#.....## #...#
#..<.## #...#
##.### ..g.#
### ....#
#....#


You could see 2 centaurs, 2 gnolls and 3 orcs.

Vanquished Creatures
  The ghost of Calvino the Digger, an amateur GrEE of Hepliaklqana (D:4)
  Pargi (D:4)
  A necrophage (D:5)
  Blork the orc (D:4)
  A hound (D:5)
  A gnoll shaman (D:4)
  Natasha (thrice) (D:4)
  4 orc wizards
  A howler monkey zombie (D:3)
  4 gnolls (D:4)
  A howler monkey skeleton (D:5)
  6 adders
  2 adder skeletons
  2 worms (D:2)
  A dart slug (D:3)
  17 orcs
  5 endoplasms
  3 giant cockroaches
  8 goblins
  5 hobgoblins
  2 quokkas (D:3)
  5 ball pythons
  4 bats
  A frilled lizard (D:2)
  A kobold (D:2)
  4 rats (D:1)
85 creatures vanquished.

Notes
Turn   | Place    | Note
-------+----------+-------------------------------------------
     0 | D:1      | cbfl8 the Minotaur Berserker began the quest for the Orb.
     0 | D:1      | Reached XP level 1. HP: 19/19 MP: 0/0
   200 | D:1      | Reached XP level 2. HP: 27/27 MP: 1/1
   358 | D:1      | Reached skill level 4 in Axes
   757 | D:1      | You fall into a shaft and drop 1 floor!
  1007 | D:2      | Reached XP level 3. HP: 33/33 MP: 2/2
  1202 | D:2      | Found a faded altar of an unknown god.
  1214 | D:2      | Reached ** piety under Trog
  1866 | D:3      | Reached XP level 4. HP: 31/40 MP: 3/3
  2048 | D:3      | Found a sacrificial altar of Ru.
  2207 | D:3      | Reached skill level 1 in Stealth
  2588 | D:3      | Found a snail-covered altar of Cheibriados.
  2639 | D:4      | Identified the +4 hand axe of Plog {spect, rF+ rN+ Dex-2
                  | SInv}
  2644 | D:4      | Noticed Pargi
  2653 | D:4      | Killed Pargi
  2654 | D:4      | Reached skill level 5 in Axes
  2654 | D:4      | Reached XP level 5. HP: 36/47 MP: 4/4
  2846 | D:4      | Found Beol's Assorted Antiques.
  2872 | D:4      | Found a shimmering altar of Xom.
  2880 | D:4      | Found an ancient bone altar of Kikubaaqudgha.
  2880 | D:4      | Noticed Blork the orc
  2882 | D:4      | Noticed Natasha
  2885 | D:4      | Killed Blork the orc
  2886 | D:4      | Reached XP level 6. HP: 49/55 MP: 5/5
  2886 | D:4      | Killed Natasha
  3033 | D:4      | Reached skill level 5 in Fighting
  3040 | D:4      | Reached *** piety under Trog
  3041 | D:4      | Reached skill level 6 in Axes
  3041 | D:4      | Reached skill level 5 in Dodging
  3113 | D:4      | Found a runed translucent door.
  3147 | D:4      | Noticed Calvino's ghost (amateur GrEE)
  3182 | D:4      | Noticed Natasha
  3187 | D:4      | Killed Natasha
  3263 | D:4      | Noticed Natasha
  3267 | D:4      | Reached XP level 7. HP: 61/61 MP: 6/6
  3271 | D:4      | Killed Calvino's ghost
  3289 | D:4      | Killed Natasha
  3495 | D:5      | Entered Level 5 of the Dungeon
  3938 | D:5      | Shot with an arrow by a centaur

Illustrated notes

Levels and vault maps discovered:
D:1:      evilmike_arrival_grusome_pit, layout_basic
D:2:      layout_basic, hellmonk_ecumenical_altar_zigzags,
          ebering_dispersal_statue_hall
D:3:      layout_rooms, nicolae_ru_sacrificial_ziggurat,
          mainiacjoe_overflow_alcove_4
D:4:      layout_rooms, mainiacjoe_overflow_chevrons,
          mainiacjoe_overflow_tiny_flanked, serial_shops, shop,
          ebering_ghost_sewer_d, uniq_natasha, uniq_pargi, uniq_blork_the_orc
D:5:      layout_layer_cave, trog_wizard, mainiacjoe_overflow_surrounded_room,
          minmay_temple_entry_purple_smoke, minivault_11

Skill      XL: |  1  2  3  4  5  6  7 |
---------------+----------------------+-----
Axes           | 4 5 6 |  6.9
Fighting       | 4 5 |  5.7
Dodging        | 3 4 5 |  5.5
Stealth        | 1 2 |  2.7
Armour         | 3 |  3.4

Action                   |  1- 3 |  4- 6 |  7- 9 || total
-------------------------+-------+-------+-------++-------
Melee: Hand axe          |    76 |    63 |    25 ||   164
       Headbutt          |    13 |    16 |     2 ||    31
       Punch             |     2 |       |       ||     2
Invok: Berserk           |     1 |     2 |       ||     3
  Use: Potion            |       |       |     2 ||     2
 Stab: Sleeping          |     2 |       |       ||     2
Armor: Animal skin       |    11 |       |       ||    11
       Leather armour    |       |    10 |    10 ||    20
Dodge: Dodged            |    48 |    34 |    22 ||   104
